 Dungeon Crawl Stone Soup version 0.32-a0-871-ge202e49 (webtiles) character file.

Game seed: 12630401360140649894

891 Dorkslayer the Sneak (level 8, 0/54 HPs)
             Began as an Octopode Fighter on Mar 29, 2024.
             Was a Follower of Okawaru.
             Slain by an orc
             ... wielding a +0 hand axe
              (1 damage)
             ... on level 6 of the Dungeon.
             The game lasted 00:19:46 (4241 turns).

Dorkslayer the Sneak (Octopode Fighter)             Turns: 4241, Time: 00:19:48

Health: 0/54       AC: -7    Str: 18    XL:     8   Next: 6%
Magic:  9/9        EV: 12    Int: 10    God:    Okawaru [*.....]
Gold:   255        SH:  6    Dex: 11    Spells: 7/7 levels left

rFire   . . .        a - +0 war axe
rCold   . . .        b - +2 buckler
rNeg    . . .        (helmet restricted)
rPois   +            r - amulet of magic regeneration
rElec   .            m - ring of willpower
rCorr   .            u - ring of poison resistance
SInv    .            (no ring)
Will    +....        (no ring)
Stlth   ++++         (no ring)
HPRegen 0.29/turn    (no ring)
MPRegen 0.51/turn    (no ring)
                     (no ring)

%: no passive effects
@: corroded
A: almost no armour, amphibious, 8 rings, camouflage 1, gelatinous body 1,
(nimble swimmer 1), tentacles
a: Renounce Religion, Heroism


You were on level 6 of the Dungeon.
You worshipped Okawaru.
Okawaru was aware of your devotion.
You visited 2 branches of the dungeon, and saw 7 of its levels.
You also visited: Sewer.

You collected 255 gold pieces.

Inventory:

Hand Weapons
 a - a +0 war axe (weapon)
Missiles
 g - 2 throwing nets (quivered)
 p - 3 boomerangs
Armour
 b - a +2 buckler (worn)
Jewellery
 m - a ring of willpower (left tentacle)
 r - an amulet of magic regeneration (around mantle)
 u - a ring of poison resistance (right tentacle)
Talismans
 t - a flux talisman
Wands
 d - a wand of mindburst (8)
 s - a wand of polymorph (8)
 x - a wand of flame (28)
Scrolls
 j - a scroll of silence
 k - a scroll of fear
 o - a scroll of teleportation
 q - a scroll of immolation
Potions
 e - a potion of curing
 f - a potion of haste
 h - a potion of heal wounds
 i - a potion of resistance
 l - a potion of degeneration {unknown}
 n - a potion of attraction
 v - a potion of mutation
 w - a potion of might
Miscellaneous
 c - a tin of tremorstones (2/2)


   Skills:
 + Level 4.2 Fighting
 + Level 5.4 Axes
 + Level 4.2 Dodging
 + Level 5.5 Stealth
 + Level 3.8 Shields
 * Level 1.6 Invocations
 * Level 1.7 Evocations
 * Level 1.2 Shapeshifting


You had 7 spell levels left.
You didn't know any spells.
Your spell library contained the following spells:

 Spells                   Type           Power      Damage    Failure   Level
 Ensorcelled Hibernation  Hex/Ice        0%         N/A       58%         2
 Fugue of the Fallen      Necr           0%         N/A       82%         3
 Passwall                 Erth           0%         N/A       82%         3
 Swiftness                Air            0%         N/A       82%         3
 Anguish                  Hex/Necr       0%         N/A       99%         4
 Ozocubu's Refrigeration  Ice            0%         4d7       100%        7
 Polar Vortex             Ice            0%         N/A       100%        9
 Sculpt Simulacrum        Ice/Alch       Unusable   N/A       N/A         6

Dungeon Overview and Level Annotations

Branches:
Dungeon (6/15)             Temple (1/1) D:4           Sewer (visited)

Altars:
Ashenzari
Cheibriados
Dithmenos
Elyvilon
Fedhas
Gozag
Hepliaklqana
Makhleb
Nemelex Xobeh
Okawaru
Qazlal
Sif Muna
Trog
Uskayaw
Wu Jian
Xom


Innate Abilities, Weirdness & Mutations

You cannot wear most types of armour.
You are amphibious.
You can wear up to eight rings at the same time.
Your skin changes colour to match your surroundings (Stealth+).
Your rubbery body absorbs attacks. (AC +1, EV +1)
((You are camouflaged when in or above water. (Stealth+)))
You have tentacles for arms and can constrict up to eight enemies at once.


Message History

The jelly is almost dead.
The jelly misses you.
You hit the jelly but do no damage. The acid corrodes you!
Your tentacles burn!
You squeeze the jelly.
You kill the jelly!
Okawaru accepts your kill.
Found a stone staircase leading up.
l - a scroll of enchant armour
As you read the scroll of enchant armour, it crumbles to dust.
Your +1 buckler glows green for a moment.
An orc comes into view. It is wielding a +0 hand axe.
The orc shouts!
An orc wizard comes into view. It is wielding a +1 dagger of draining.
An orc wizard comes into view. It is wielding a +0 dagger.
A hound comes into view.
The orc wizard gestures wildly while chanting.
The orc wizard flickers and vanishes!
Deactivating autopickup; reactivate with Ctrl-A.
You see here a sapphire potion.
The orc wizard shouts!
The orc wizard gestures wildly while chanting.
The orc wizard flickers and vanishes!
The orc barely misses you.
You see here a sapphire potion.
l - a sapphire potion A magic dart appears from out of thin air!
The magic dart hits you! You block the orc's attack. Something hits you.
You closely miss something. You closely miss the orc.
The orc hits you with a +0 hand axe. Something hits you.
* * * LOW HITPOINT WARNING * * *
The orc hits you with a +0 hand axe!
* * * LOW HITPOINT WARNING * * *
You hit something but do no damage. You squeeze something.
You barely miss the orc.
You hear some strange, mumbled words.
A magic dart appears from out of thin air!
The magic dart hits you!
* * * LOW HITPOINT WARNING * * *
The orc hits you with a +0 hand axe.
You die...

## #.....# #... .#
##.#.##.###...#
.#######....###.#.#..##
.............#........#
.#######........##....#
.#### #..#......# ....#
.##.##.#..#.....##....##.
......###.#..#...o.......
......# ##......@.<..###
.#....###....#.#{#####
.##......###.#.#h#
..........^..#....
.##......#######..
.#.......# #..#
##.#.....# #..# #.###.###
#..# #.# #.#


You could see a hound and an orc.

Vanquished Creatures
  Eustachio (D:5)
  2 bullfrogs (Sewer)
  A jelly (D:6)
  2 orc priests (D:3)
  2 hounds
  A sleepcap (D:5)
  Terence (D:3)
  3 iguanas
  Robin (D:3)
  7 gnolls
  13 adders
  10 dart slugs
  A ribbon worm (D:2)
  13 orcs
  17 ball pythons
  6 endoplasms
  13 giant cockroaches
  9 goblins
  9 hobgoblins
  7 kobolds
  4 bats
  10 frilled lizards
  4 rats
137 creatures vanquished.

Notes
Turn   | Place    | Note
-------+----------+-------------------------------------------
     0 | D:1      | Dorkslayer the Octopode Fighter began the quest for the
                  | Orb.
     0 | D:1      | Reached XP level 1. HP: 16/16 MP: 1/1
   293 | D:1      | Reached XP level 2. HP: 13/21 MP: 2/2
   818 | D:2      | Reached XP level 3. HP: 26/26 MP: 3/3
   984 | D:2      | Reached skill level 1 in Stealth
  1314 | D:3      | Reached XP level 4. HP: 32/32 MP: 4/4
  1412 | D:3      | Reached XP level 5. HP: 33/37 MP: 5/5
  1432 | D:3      | Found an opulent altar of Gozag.
  1462 | D:3      | Found an ornate altar of the Wu Jian Council.
  1462 | D:3      | Noticed Terence
  1470 | D:3      | Killed Terence
  1511 | D:3      | Found a snail-covered altar of Cheibriados.
  1711 | D:3      | Reached XP level 6. HP: 34/43 MP: 6/6
  1712 | D:3      | Noticed Robin
  1717 | D:3      | Killed Robin
  1975 | D:4      | Found a glowing drain.
  1984 | Sewer    | Entered a sewer
  2233 | Sewer    | Reached XP level 7. HP: 19/48 MP: 7/7
  2569 | D:4      | Identified the +2 ring mail "Lurul" {Regen+ MP+9}
  2722 | D:4      | Found a staircase to the Ecumenical Temple.
  2728 | Temple   | Entered the Ecumenical Temple
  2749 | Temple   | Became a worshipper of Warmaster Okawaru
  2775 | D:4      | You fall into a shaft and drop 2 floors!
  2802 | D:5      | Entered Level 5 of the Dungeon
  2818 | D:5      | Reached skill level 5 in Axes
  3535 | D:4      | Reached skill level 1 in Evocations
  3539 | D:4      | Reached skill level 1 in Invocations
  3768 | D:5      | Reached skill level 5 in Stealth
  4035 | D:5      | Noticed Eustachio
  4045 | D:5      | Killed Eustachio
  4045 | D:5      | Reached * piety under Okawaru
  4046 | D:5      | Reached skill level 1 in Shapeshifting
  4046 | D:5      | Reached XP level 8. HP: 46/54 MP: 7/9
  4241 | D:6      | HP: 1/54 [something/magic dart (9)]
  4241 | D:6      | Slain by an orc

Illustrated notes

Levels and vault maps discovered:
D:1:      saegor_arrival_simple_b, layout_loops_cross, minmay_tetromino_i4
D:2:      layout_loops_ring, st_stairs_7, chequers_serial_rivers_small_3
D:3:      layout_basic, mainiacjoe_overflow_tiny_flanked,
          nicolae_wu_jian_wuxing_cycle,
          nicolae_gozag_cash_rules_everything_around_me, uniq_terence,
          uniq_robin
D:4:      layout_layer_cave, minmay_temple_entry_butterflies,
          cheibrodos_sewer_entry_drain, kennysheep_big_empty_room
D:5:      layout_loops_cross, minmay_misc_feat_diagonals, uniq_eustachio
D:6:      layout_loops_ring, fiery_altar_vehumet, hangedman_ru_absence
Temple:   hellmonk_temple_forest_ring

Skill      XL: |  1  2  3  4  5  6  7 |
---------------+----------------------+-----
Stealth        | 1 2 3 4 5 |  5.5
Axes           | 3 4 5 |  5.4
Dodging        | 4 |  4.2
Fighting       | 4 |  4.2
Evocations     | 1 |  1.7
Invocations    | 1 |  1.6
Shapeshifting  | 1 |  1.2
Shields        | |  3.8

Action                     |  1- 3 |  4- 6 |  7- 9 || total
---------------------------+-------+-------+-------++-------
  Melee: War axe           |    50 |    91 |    84 ||   225
         Constrict         |    13 |    37 |    19 ||    69
         Tentacles         |     8 |    14 |    15 ||    37
  Evoke: Wand              |       |       |     2 ||     2
    Use: Scroll            |     3 |     7 |     9 ||    19
         Potion            |       |     5 |       ||     5
   Stab: Sleeping          |     5 |     5 |    10 ||    20
         Invisible         |       |     3 |       ||     3
 Armour: Skin              |    19 |    55 |    45 ||   119
  Dodge: Dodged            |    42 |    73 |    43 ||   158
  Block: Buckler           |     7 |    30 |    13 ||    50

Table legend: (Time is in decaauts)
 A = Elapsed time spent in this place.
 B = Non-inter-level travel time spent in this place.
 C = Inter-level travel time spent in this place.
 D = Time resting spent in this place.
 E = Time spent auto-exploring this place.
 F = Levels seen in this place.
 G = Mean time per level.
                   A        B        C        D        E       F      G
               +--------+--------+--------+--------+--------+-----+--------+
         Total |   4314 |   4314 |      0 |    197 |   1804 |   8 |  539.2 |
       Dungeon |   3834 |   3834 |      0 |     97 |   1718 |   6 |  639.0 |
        Temple |     38 |     38 |      0 |      0 |      0 |   1 |   38.0 |
         Sewer |    441 |    441 |      0 |    100 |     86 |   1 |  441.0 |
               +--------+--------+--------+--------+--------+-----+--------+

Top non-repeatable levels by time:
     D:4: 912 daAuts
     D:5: 833 daAuts
     D:2: 683 daAuts
     D:3: 646 daAuts
     D:1: 641 daAuts
   Sewer: 441 daAuts
     D:6: 116 daAuts
  Temple: 38 daAuts
